AoeStats
← 羅賓不流汗

Black Forest

506133469Analyzed
4v4 RM · 21d ago on Sep 12, 2026· 47m 45s· 8 players
Game mode
Random Map
Map size
Large (8 player)
Population
200
Speed
Normal
Resources
Standard
Victory
Conquest
Starting age
Dark Age
Ending age
Imperial Age
RankedLock teamsTeams togetherTeam positionsShared explorationLock speedFull tech treeHidden civsTurbo modeCheats
Victory
Defeat
🇹🇼 Mongols · Taiwan
841
+11
🇹🇼 Wei · Taiwan
829
+12
813
+12
🇹🇼 Huns · Taiwan
533
+24
🇵🇰 Bulgarians · Pakistan
808
-42
🇬🇷 Britons · Greece
766
-16
🇨🇳 Franks · China
697
-14
🇵🇰 Burgundians · Pakistan
641
-11
ProfessorThugLife
17:52 Feudal Age
31:28 Castle Age
31:39 Castle Age
31:30 Scale Barding Armor
31:26 Scale Mail Armor
31:26 Padded Archer Armor
31:17 Fletching
31:38 Forging
32:28 Bloodlines
38:32 Light Cavalry
39:15 Husbandry
39:54 Chain Barding Armor
39:50 Chain Mail Armor
39:51 Leather Archer Armor
39:32 Bodkin Arrow
40:12 Iron Casting
1961861699
11:09 Feudal Age
13:06 Loom
15:50 Castle Age
15:29 Double-Bit Axe
22:31 Wheelbarrow
24:23 Hand Cart
30:49 Imperial Age
28:41 Gold Mining
30:09 Gold Shaft Mining
29:51 Forging
29:47 Scale Barding Armor
31:25 Iron Casting
31:10 Chain Barding Armor
33:29 Plate Barding Armor
33:54 Blast Furnace
33:28 Husbandry
32:49 Cavalier
33:51 Conscription
33:32 Chivalry
33:39 Stone Mining
34:15 Bow Saw
34:19 Caravan
35:36 Scale Mail Armor
35:17 Paladin
43:19 #83
42:56 Onager
Mughal Zohaib
14:07 Feudal Age
24:59 Castle Age
31:53 Cavalier
32:34 Husbandry
38:16 Imperial Age
40:42 Chemistry
46:25 Paladin
Kiria
5:33 Loom
12:02 Feudal Age
17:52 Gold Mining
17:55 Stone Mining
17:54 Double-Bit Axe
20:36 Horse Collar
24:54 Castle Age
27:13 Heavy Plow
27:52 Gold Shaft Mining
27:41 Bow Saw
27:08 Man-at-Arms
27:14 Pikeman
28:31 Caravan
28:31 Gambesons
29:20 Squires
29:08 Arson
38:09 Imperial Age
36:05 Yeomen
38:16 Halberdier
38:24 Elite Longbowman
39:33 Conscription
39:22 Fletching
39:33 Padded Archer Armor
40:22 Bodkin Arrow
40:43 Leather Archer Armor
43:44 Chemistry
43:06 Ballistics
43:40 Bracer
44:11 Ring Archer Armor
45:15 Forging
45:06 Scale Mail Armor
你行Nissan阿
0:28 Loom
15:09 Feudal Age
20:04 Castle Age
18:22 Horse Collar
18:29 Double-Bit Axe
27:52 Wheelbarrow
27:53 Bow Saw
31:23 Hand Cart
31:21 Heavy Plow
34:28 Imperial Age
32:13 Husbandry
32:16 Tuntian
33:19 Bloodlines
33:31 Gold Mining
33:31 Stone Mining
34:50 Forging
34:46 Scale Barding Armor
35:33 Gold Shaft Mining
35:33 Stone Shaft Mining
35:43 Heavy Hei Guang Cavalry
38:16 Ballistics
38:49 Caravan
39:45 Fortified Wall
39:26 Heated Shot
40:31 Iron Casting
40:17 Chain Barding Armor
40:30 Conscription
41:02 Ming Guang Armor
40:36 Murder Holes
42:11 Chemistry
43:28 Blast Furnace
44:17 Light Cavalry
45:51 Hussar
48:08 Guard Tower
48:30 Masonry
48:01 Treadmill Crane
47:45 Elite Tiger Cavalry
陳水扁elephant多錢
0:52 Loom
12:23 Feudal Age
17:09 Castle Age
15:05 Double-Bit Axe
19:02 Bow Saw
25:14 Treadmill Crane
29:53 Ballistics
29:49 Horse Collar
32:43 Imperial Age
32:19 Chemistry
32:57 Wagenburg Tactics
33:09 Caravan
33:52 Wheelbarrow
34:25 Elite Hussite Wagon
36:28 Two-Man Saw
36:02 Houfnice
39:10 Conscription
40:42 Pikeman
41:23 Squires
41:42 Forging
41:32 Scale Mail Armor
41:59 Halberdier
10%
0:34 Loom
12:18 Feudal Age
13:17 Double-Bit Axe
16:38 Horse Collar
17:41 Stone Mining
17:41 Gold Mining
22:47 Castle Age
24:11 Bow Saw
24:05 Heavy Plow
24:17 Scale Barding Armor
24:13 Padded Archer Armor
26:05 Caravan
28:55 Wheelbarrow
30:39 Hand Cart
32:20 Marauders
32:50 Chain Barding Armor
32:46 Leather Archer Armor
32:41 Forging
36:50 Imperial Age
35:01 Husbandry
35:11 Bloodlines
37:07 Masonry
38:40 Conscription
37:57 Elite Tarkan
40:07 Plate Barding Armor
40:08 Iron Casting
44:16 Gold Shaft Mining
44:44 Blast Furnace
羅賓不流汗
0:31 Loom
13:43 Feudal Age
17:14 Double-Bit Axe
21:02 Castle Age
20:50 Fletching
28:44 Ballistics
31:21 Murder Holes
32:01 Nomads
32:18 Bow Saw
32:01 Horse Collar
35:51 Imperial Age
36:30 Gold Mining
36:34 Stone Mining
37:33 Wheelbarrow
37:30 Fortified Wall
37:31 Masonry
37:18 Guard Tower
38:42 Gold Shaft Mining
38:17 Heavy Plow
38:55 Stone Shaft Mining
38:47 Hand Cart
39:57 Siege Engineers
42:16 Drill
42:07 Heavy Scorpion
44:24 Conscription
45:46 Chemistry
Connection lost

Rejoining the realm…

Still unreachable

The connection could not be restored.

Session expired

The server has moved on; the page needs a fresh start.